 Dungeon Crawl Stone Soup version 0.17-a0-670-g5d95ebd (webtiles) character file.

144 barthelme the Ducker (level 5, -3/53 HPs)
             Began as a Troll Berserker on Apr 18, 2015.
             Was a Priest of Trog.
             Killed from afar by Sigmund (7 damage)
             ... with a puff of flame
             ... on level 3 of the Dungeon.
             The game lasted 00:16:37 (1933 turns).

barthelme the Ducker (Troll Berserker)              Turns: 1933, Time: 00:16:38

Health: -3/53      AC:  5    Str: 26    XL:     5   Next: 5%
Magic:  4/4        EV: 10    Int:  3    God:    Trog [***...]
Gold:   165        SH:  0    Dex:  9    Spells: 0 memorised, 4 levels left

rFire  . . .     SeeInvis .     a - +0 hand axe
rCold  . . .     Clarity  .     b - +0 animal skin
rNeg   . . .     SustAb   .     (no shield)
rPois  .         Gourm    +     (helmet restricted)
rElec  .         Spirit   .     (no cloak)
rCorr  .         Warding  .     (gloves unavailable)
rMut   .         Stasis   .     (boots unavailable)
MR     .....                    (no amulet)
Stlth  +.........               (no ring)
                                (no ring)

@: exhausted, slowed, very slow, not resistant to hostile enchantments, very
unstealthy
A: unfitting armour, claws 3, fast metabolism 3, gourmand, regeneration 2,
shaggy fur 1, tough skin 2
a: Burn Spellbooks, Berserk, Trog's Hand, Renounce Religion


You were on level 3 of the Dungeon.
You worshipped Trog.
Trog was most pleased with you.
You were very full.

You visited 1 branch of the dungeon, and saw 3 of its levels.

You collected 165 gold pieces.

Inventory:

Hand weapons
 a - a +0 hand axe (weapon)
Armour
 b - a +0 animal skin (worn)
Jewellery
 n - an uncursed amulet of faith {unknown}
 r - an uncursed amulet of clarity {unknown}
Scrolls
 d - a scroll of remove curse {unknown}
 e - 2 scrolls of fog
 g - a scroll of identify
 h - a scroll of noise {unknown}
 k - a scroll of amnesia {unknown}
 m - a scroll of blinking {unknown}
 s - a scroll of random uselessness {unknown}
Potions
 i - 2 potions of restore abilities
 j - a potion of brilliance {unknown}
 o - 3 potions of curing
 p - 2 potions of might
 q - a potion of poison
 u - a potion of haste {unknown}
Comestibles
 c - 4 bread rations
 f - a meat ration
 l - a chunk of flesh
 t - 2 fruits


   Skills:
 + Level 3.2 Fighting
 + Level 3.0 Axes
 + Level 3.8 Dodging


You had 4 spell levels left.
You didn't know any spells.

Dungeon Overview and Level Annotations

Branches:
Dungeon (3/15)

Altars:
Gozag

Annotations:
D:3 Sigmund


Innate Abilities, Weirdness & Mutations

You are too large for most types of armour.
You have claws for hands.
Your metabolism is lightning-fast.
You like to eat raw meat.
You heal very quickly.
You are covered in fur (AC +1).
You have very tough skin (AC +2).


Message History

You feel a strong urge to attack something.
Something hits you!
You bump into the rock wall.
You are no longer berserk.
You are exhausted.
You feel yourself slow down. Something hits you!
You bump into the rock wall.
You feel less confused.
You feel sick.
You are no longer poisoned.
You hear some strange, mumbled words.
A puff of flame appears from out of thin air!
The puff of flame hits you!
* * * LOW HITPOINT WARNING * * *
Something hits you!
* * * LOW HITPOINT WARNING * * *
You hear some strange, mumbled words.
A puff of flame appears from out of thin air!
The puff of flame hits you!
You die...

#...#...#####.#.#
#######.#.#...# #.#>##
#....##.#.#...# #.#..#
#....##.#.)...#####.##.#
#....##.#.##.....##....#
##....##<#(##.###.#######
.+....<..#/##.###.#
.#.....###.##.##..#
.#.....###'##..{@.#
............#.....#
............#.##.##
#...........#.##.#
#...........#....#
.......[....# ####
............#
............#
............#


There were no monsters in sight!

Vanquished Creatures
  Ijyb (D:3)
  Terence (D:3)
  Robin (D:3)
  An adder (D:3)
  An ooze (D:1)
  2 giant geckos
  6 bats
  4 giant cockroaches
  15 goblins
  8 hobgoblins
  9 jackals
  3 giant newts
  5 kobolds
  3 rats
60 creatures vanquished.

Notes
Turn   | Place    | Note
--------------------------------------------------------------
     0 | D:1      | barthelme, the Troll Berserker, began the quest for the Orb.
     0 | D:1      | Reached XP level 1. HP: 22/22 MP: 0/0
     6 | D:1      | Noticed a hound
     6 | D:1      | Noticed a killer bee
     7 | D:1      | Noticed a black mamba
     7 | D:1      | Noticed a lindwurm
   232 | D:1      | Reached XP level 2. HP: 29/29 MP: 1/1
   928 | D:2      | Acquired Trog's second power
   928 | D:2      | Reached XP level 3. HP: 36/36 MP: 2/2
  1090 | D:2      | Found an opulent altar of Gozag.
  1190 | D:2      | Reached skill level 3 in Dodging
  1424 | D:3      | Noticed Ijyb
  1435 | D:3      | Killed Ijyb
  1435 | D:3      | Reached XP level 4. HP: 44/44 MP: 3/3
  1571 | D:3      | Noticed Robin
  1586 | D:3      | Killed Robin
  1668 | D:3      | Noticed Terence
  1673 | D:3      | Killed Terence
  1812 | D:3      | Reached XP level 5. HP: 38/53 MP: 4/4
  1913 | D:3      | Noticed Sigmund
  1933 | D:3      | Killed from afar by Sigmund

Action                   |  1- 3 |  4- 6 || total
-------------------------+-------+-------++-------
Melee: Hand axe          |   106 |    60 ||   166
Invok: Berserk           |     2 |     3 ||     5
  Use: Potion            |     2 |       ||     2
       Scroll            |     1 |     2 ||     3
  Eat: Chunk             |    20 |     7 ||    27
